AoeStats
← Jackow

Coastal Forest

510564191Analyzed
2v2 RM · 2d ago on Oct 1, 2026· 35m 59s· 4 players
Game mode
Random Map
Map size
Medium (4 player)
Population
200
Speed
Normal
Resources
Standard
Victory
Conquest
Starting age
Dark Age
Ending age
Imperial Age
RankedLock teamsTeams togetherTeam positionsShared explorationLock speedFull tech treeHidden civsTurbo modeCheats
Victory
Defeat
🇩🇪 Persians · Germany
1275
+14
🇩🇪 Koreans · Germany
1224
+15
🇺🇸 Hindustanis · United States
1233
-15
🇪🇸 Danes · Spain
1209
-14
Jambo
4:58 Loom
10:04 Feudal Age
15:35 Castle Age
13:48 Horse Collar
17:09 Scale Mail Armor
17:47 Forging
21:58 Chain Mail Armor
26:01 Squires
26:38 Iron Casting
29:42 Arson
32:12 Double-Bit Axe
32:29 Heavy Plow
32:30 Gold Mining
33:37 Fletching
treetoptony
7:47 Loom
9:48 Feudal Age
14:02 Castle Age
12:38 Double-Bit Axe
15:29 Wheelbarrow
15:24 Horse Collar
Hardrada_1066
6:53 Loom
9:22 Feudal Age
13:41 Double-Bit Axe
13:37 Horse Collar
21:14 Castle Age
19:40 Gold Mining
21:56 Fletching
22:17 Thumb Ring
22:49 Crossbowman
30:00 Wheelbarrow
29:12 Town Watch
31:06 Bodkin Arrow
32:50 Eupseong
33:28 Heavy Plow
33:40 Bow Saw
34:39 Hand Cart
39:03 Imperial Age
Jackow
7:38 Loom
9:39 Feudal Age
10:14 Double-Bit Axe
11:01 Horse Collar
19:48 Castle Age
17:41 Gold Mining
21:40 Husbandry
21:50 Bloodlines
23:25 Heavy Plow
23:46 Stone Mining
24:21 Bow Saw
24:50 Gold Shaft Mining
26:30 Wheelbarrow
25:41 Town Watch
29:56 Hand Cart
32:25 Imperial Age
30:39 Scale Barding Armor
30:44 Forging
33:09 Conscription
33:54 Chain Barding Armor
34:10 Iron Casting
34:39 Crop Rotation
35:11 Two-Man Saw
35:32 Elite War Elephant
Connection lost

Rejoining the realm…

Still unreachable

The connection could not be restored.

Session expired

The server has moved on; the page needs a fresh start.